 Dungeon Crawl Stone Soup version 0.25.1-2-g60ff931df9 (webtiles) character file.

Game seed: 9264165822983706520

28 Arcadio the Gusty (level 3, -2/26 HPs)
             Began as a Hill Orc Air Elementalist on Dec 3, 2020.
             Slain by an adder (3 damage)
             ... on level 3 of the Dungeon.
             The game lasted 00:06:21 (1316 turns).

Arcadio the Gusty (Hill Orc Air Elementalist)       Turns: 1316, Time: 00:06:21

Health: -2/26      AC:  2    Str: 10    XL:     3   Next: 14%
Magic:  2/5        EV: 12    Int: 16    God:
Gold:   66         SH:  0    Dex: 11    Spells: 2/5 levels left

rFire    . . .     SeeInvis .   i - +0 short sword
rCold    . . .     Gourm    .   (no shield)
rNeg     . . .     Faith    .   a - +0 robe
rPois    .         Spirit   .   (no helmet)
rElec    .         Reflect  .   (no cloak)
rCorr    .         Harm     .   (no gloves)
MR       .....                  (no boots)
Stlth    ++........             (no amulet)
HPRegen  0.08/turn              (no ring)
MPRegen  0.09/turn              (no ring)

@: lethally poisoned (-2 -> -7)
A: no striking features
a: no special abilities


You were on level 3 of the Dungeon.
You were hungry.

You visited 1 branch of the dungeon, and saw 3 of its levels.

You collected 66 gold pieces.

Inventory:

Hand Weapons
 d - a +0 spear
 e - a +0 club
 i - a +0 short sword (weapon)
Missiles
 h - 49 stones (quivered)
Armour
 a - a +0 robe (worn)
 b - a +0 kite shield
Scrolls
 j - a scroll of fog {unknown}
 l - a scroll of remove curse {unknown}
 m - a scroll of teleportation {unknown}
Potions
 f - a potion of heal wounds
 k - a potion of cancellation {unknown}
 o - a potion of invisibility
Comestibles
 c - a ration


   Skills:
 + Level 2.3 Dodging
 - Level 1.5 Stealth
 - Level 1.5 Spellcasting
 - Level 1.0 Conjurations
 + Level 3.0 Air Magic


You had 2 spell levels left.
You knew the following spells:

 Your Spells              Type           Power        Failure   Level  Hunger
a - Shock                 Conj/Air       #...         10%         1    ##.....
b - Swiftness             Chrm/Air       #.......     19%         2    ###....

Your spell library contained the following spells:

 Spells                   Type           Power        Failure   Level  Hunger
 Static Discharge         Conj/Air       #.......     28%         3    ####...
 Airstrike                Air            ##........   54%         4    #####..
 Lightning Bolt           Conj/Air       #.........   95%         5    ######.


Dungeon Overview and Level Annotations

Branches:
Dungeon (3/15)

Altars:


Message History

* * * LOW HITPOINT WARNING * * *
You feel sick. The adder bites you but does no damage. The adder bites you.
* * * LOW HITPOINT WARNING * * *
Your magical contamination has completely faded away.
You closely miss the adder.
The adder is heavily wounded.
* * * LOW HITPOINT WARNING * * *
You feel sick. The adder barely misses you.
You hit the adder.
The adder is severely wounded.
* * * LOW HITPOINT WARNING * * *
You feel sick. The adder barely misses you. The adder misses you.
You miss the adder.
The adder is severely wounded.
The adder closely misses you.
You miss the adder.
The adder is severely wounded.
* * * LOW HITPOINT WARNING * * *
You feel sick. The adder bites you.
You die...

#.########
#....@..#
#.####S#.#
.#? # .#
#. .. .#
## #


You could see an adder.

Vanquished Creatures
  An adder (D:2)
  A leopard gecko (D:1)
  A giant cockroach (D:1)
  5 hobgoblins
  2 kobolds
  3 bats (D:1)
  3 frilled lizards (D:1)
  A goblin (D:1)
  2 rats (D:1)
19 creatures vanquished.

Notes
Turn   | Place    | Note
-------+----------+-------------------------------------------
     0 | D:1      | Arcadio the Hill Orc Air Elementalist began the quest for
                  | the Orb.
     0 | D:1      | Reached XP level 1. HP: 14/14 MP: 3/3
   348 | D:1      | Reached XP level 2. HP: 20/20 MP: 0/4
   353 | D:1      | Learned a level 2 spell: Swiftness
  1295 | D:2      | Reached skill level 3 in Air Magic
  1295 | D:2      | Reached XP level 3. HP: 20/26 MP: 0/5
  1316 | D:3      | HP: 1/26 [poisoned by an adder]
  1316 | D:3      | Slain by an adder

Illustrated notes

Levels and vault maps discovered:
D:1:      minmay_arrival_arboretum_small, layout_basic
D:2:      layout_basic, nicolae_dithmenos_shadow_blocks, lemuel_round_altar,
          lemuel_doored_altar, serial_bayou_lagoon_a, minmay_pentomino_w4
D:3:      layout_loops_ring, chequers_serial_rivers_marsh

Skill      XL: |  1  2 |
---------------+-------+-----
Dodging        | 2 |  2.3
Air Magic      | 3 |  3.0
Stealth        | |  1.5
Spellcasting   | |  1.5
Conjurations   | |  1.0

Action                   || total
-------------------------++-------
Melee: Club              ||     2
       Short sword       ||    26
 Cast: Shock             ||    25
  Use: Scroll            ||     2
 Stab: Sleeping          ||     1
  Eat: Chunk             ||     1
Armor: Robe              ||     9
Dodge: Dodged            ||    33
